 Dungeon Crawl Stone Soup version 0.17-a0-1562-g9b2c768 (webtiles) character file.

318 mrath the Shield-Bearer (level 6, -5/56 HPs)
             Began as a Minotaur Fighter on July 20, 2015.
             Slain by Menkaure (12 damage)
             ... on level 3 of the Dungeon.
             The game lasted 00:19:23 (2856 turns).

mrath the Shield-Bearer (Minotaur Fighter)          Turns: 2856, Time: 00:19:23

Health: -5/56      AC: 13    Str: 22    XL:     6   Next: 21%
Magic:  5/5        EV:  5    Int:  5    God:
Gold:   153        SH: 10    Dex: 10    Spells: 0 memorised, 5 levels left

rFire  . . .     SeeInvis .     a - +0 war axe
rCold  . . .     Clarity  +     q - +0 plate armour
rNeg   . . .     SustAt   .     c - +0 shield
rPois  .         Gourm    .     (helmet restricted)
rElec  .         Spirit   .     (no cloak)
rCorr  .         Warding  .     x - +0 pair of gloves
rMut   .         Stasis   .     (no boots)
MR     .....                    t - amulet of clarity
Stlth  ..........               (no ring)
                                (no ring)

@: not resistant to hostile enchantments, extremely unstealthy
A: retaliatory headbutt, horns 2
a: no special abilities


You were on level 3 of the Dungeon.
You were not hungry.

You visited 1 branch of the dungeon, and saw 4 of its levels.

You collected 153 gold pieces.

Inventory:

Hand weapons
 a - a +0 war axe (weapon)
 A - a +0 scythe
 B - a +0 dagger of electrocution
 C - a +0 flail
Missiles
 f - 72 stones (quivered)
 r - 15 silver sling bullets
 w - 18 sling bullets of frost
Armour
 b - a +0 scale mail
 c - a +0 shield (worn)
 q - a +0 plate armour (worn)
 x - a +0 pair of gloves (worn)
 D - a +0 shield of protection
Jewellery
 g - an uncursed ring of protection from fire {unknown}
 m - an uncursed ring of wizardry {unknown}
 t - an amulet of clarity (around neck)
Magical devices
 s - a wand of teleportation (1)
Scrolls
 h - 3 scrolls of identify {unknown}
 i - a scroll of teleportation {unknown}
 l - a scroll of noise {unknown}
 n - a scroll of amnesia {unknown}
 u - a scroll of fear {unknown}
 y - a scroll of enchant weapon {unknown}
Potions
 d - a potion of might
 k - 2 potions of curing {unknown}
 o - a potion of degeneration {unknown}
 p - 3 potions of agility {unknown}
 v - 2 potions of heal wounds {unknown}
 E - a potion of magic {unknown}
Comestibles
 e - 5 bread rations
 j - 2 beef jerkies


   Skills:
 + Level 5.2 Fighting
 + Level 4.1 Axes
 + Level 5.0 Armour
 - Level 0.9 Dodging
 + Level 5.4 Shields


You had 5 spell levels left.
You didn't know any spells.

Dungeon Overview and Level Annotations

Branches:
Dungeon (4/15)
 Temple: D:4-7

Altars:
Fedhas
Trog
Xom
Zin

Shops:
D:2 *   D:4 (

Annotations:
D:3 Menkaure, Pikel, Terence


Innate Abilities, Weirdness & Mutations

You reflexively headbutt those who attack you in melee.
You have a pair of horns on your head.


Message History

Menkaure is heavily damaged.
You block Pikel's attack.
Menkaure gestures wildly while chanting.
Menkaure seems to speed up.
Pikel hits you with a whip of freezing.
* * * LOW HITPOINT WARNING * * *
Pikel freezes you.
* * * LOW HITPOINT WARNING * * *
You hit Menkaure.
Menkaure is severely damaged.
Your shield and plate armour prevent you from hitting Pikel.
Pikel is severely wounded.
You block Menkaure's attack. Pikel waves his whip at you.
Pikel hits you but does no damage. Menkaure barely misses you.
You hit Menkaure.
Menkaure is severely damaged.
You barely miss Pikel.
Pikel is severely wounded.
Pikel hits you but does no damage. Menkaure hits you!
You die...

#### #... #..# #####
#... #..## #...# #...
#...# #...## #).. #.#.#
#....### #.## #.#.#
#......# #.## #.#.##
##[###.# #.#. #.#.K#
#.# #.# #.#. ###.##@#
#.# #.####... #..)##M#
#.# #......#.
#...##.####.####..##.#.
#................###.##
#....[..###......###.##
#...#..................
###.####.....#...#####.
##.# ##....###...####.
#..# #.....# ###.).##.


You could see Pikel and Menkaure.

Vanquished Creatures
  Sigmund (D:3)
  An orc wizard (D:3)
  5 adders
  4 oozes
  3 worms
  5 giant geckos
  5 orcs
  3 bats
  7 goblins
  7 hobgoblins
  2 quokkas (D:2)
  6 giant newts (D:2)
  7 kobolds
  10 rats
66 creatures vanquished.

Notes
Turn   | Place    | Note
--------------------------------------------------------------
     0 | D:1      | mrath the Minotaur Fighter began the quest for the Orb.
     0 | D:1      | Reached XP level 1. HP: 19/19 MP: 0/0
   236 | D:1      | Reached XP level 2. HP: 27/27 MP: 1/1
   668 | D:1      | Reached skill level 4 in Shields
   986 | D:2      | Reached XP level 3. HP: 20/33 MP: 2/2
  1196 | D:2      | Found Zin's Purification Station.
  1197 | D:2      | Found a glowing silver altar of Zin.
  1513 | D:2      | Reached XP level 4. HP: 40/40 MP: 3/3
  1714 | D:3      | Noticed Sigmund
  1989 | D:3      | Found a blossoming altar of Fedhas.
  2076 | D:3      | Killed Sigmund
  2076 | D:3      | Reached skill level 5 in Fighting
  2076 | D:3      | Reached skill level 5 in Shields
  2076 | D:3      | Reached XP level 5. HP: 19/48 MP: 4/4
  2076 | D:3      | Reached XP level 6. HP: 22/56 MP: 5/5
  2314 | D:3      | Found a shimmering altar of Xom.
  2455 | D:3      | Found a shimmering altar of Xom.
  2459 | D:3      | Found a shimmering altar of Xom.
  2460 | D:3      | Found a shimmering altar of Xom.
  2460 | D:3      | Found a shimmering altar of Xom.
  2501 | D:3      | Reached skill level 5 in Armour
  2770 | D:3      | Found a bloodstained altar of Trog.
  2772 | D:3      | Noticed Terence
  2830 | D:4      | Found Ciezu's Weapon Boutique.
  2837 | D:4      | Noticed Pikel
  2839 | D:4      | Noticed Menkaure
  2856 | D:3      | Slain by Menkaure

Vault maps used:
D:1:      dpeg_arrival_boxes_within_box, serial_park_tiny_2
D:2:      zin_purify
D:3:      nicolae_overflow_hidden_temple, xom_redecorated, old_standard_altar,
          uniq_sigmund, uniq_terence
D:4:      nicolae_tso_carved_into_rock, serial_shops, nicolae_shop_trees,
          first_bread, nicolae_ru_sacrificial_ziggurat, uniq_pikel,
          uniq_menkaure

Action                   |  1- 3 |  4- 6 || total
-------------------------+-------+-------++-------
Melee: War axe           |    96 |    92 ||   188
Throw: Stone             |     6 |       ||     6
  Eat: Chunk             |     2 |     4 ||     6
